[Event "Early-Titled-Tuesday-Blitz-October-10-2023"]
[Site "Chess.com"]
[Date "2023.10.10"]
[Round "5"]
[White "Itk04"]
[Black "Journey_to_GrandMaster_YT"]
[Result "0-1"]
[WhiteElo "2747"]
[BlackElo "2633"]
[TimeControl "180+1"]
[EndTime "8:54:30 PDT"]
[Termination "Journey_to_GrandMaster_YT won by resignation"]

1. d4 d6 2. c4 e5 3. d5 f5 4. Nc3 Nf6 5. Bg5 Be7 6. e4 fxe4 7. Bxf6 Bxf6 8. Nxe4 O-O 9. Bd3 Bf5 10. Ne2 Be7 11.
O-O Nd7 12. N4g3 Bxd3 13. Qxd3 Nc5 14. Qc2 a5 15. Ne4 b6 16. b3 Qe8 17. Nxc5 bxc5 18. Nc3 Rf4 19. g3 Rf3 20. Nb5 Qd7 21. Kg2 Raf8 22.
Qe4 Bd8 23. Qxf3 Rxf3 24. Kxf3 Qh3 25. Rae1 h5 26. Nc3 g5 27. Ne4 g4+ 28. Ke2 Qxh2 29. Kd3 Qg2 30. Rg1 Qf3+ 31. Re3 Qf5 32. Rh1 Kg7 33.
Ke2 Kg6 34. Nd2 Qc2 35. f4 gxf3+ 36. Rxf3 Bg5 37. Rd1 e4 38. Rf4 Bxf4 39. gxf4 Qd3+ 40. Ke1 Qg3+ 41. Ke2 Qd3+ 42. Ke1 e3 43. Nf3 Qc3+ 44.
Ke2 Qc2+ 45. Nd2 exd2 46. Rxd2 Qe4+ 0-1

[Event "Early-Titled-Tuesday-Blitz-October-10-2023"]
[Site "Chess.com"]
[Date "2023.10.10"]
[Round "5"]
[White "ExcitingTrap"]
[Black "hakanazeri2"]
[Result "0-1"]
[WhiteElo "2468"]
[BlackElo "2621"]
[TimeControl "180+1"]
[EndTime "8:54:30 PDT"]
[Termination "hakanazeri2 won on time"]

1. e4 c5 2. Nf3 Nc6 3. d4 cxd4 4.
Nxd4 Nf6 5. Nc3 e5 6. Ndb5 d6 7. Nd5 Nxd5 8. exd5 Ne7 9. c4 Ng6 10. Bd3 Be7 11. O-O f5 12. f4 e4 13. Be2 O-O 14. Be3 Bd7 15. Nd4 Bf6 16. b4 Rc8 17. Rc1 Ne7 18. Kh1 Kh8 19. Qb3 b6 20. Rfd1 Qe8 21. b5 Rg8 22. Nc6 Bxc6 23. dxc6 Qd8 24. Qa3 Qc7 25. Rxd6 Bb2 26. Qxb2 Qxd6 27. Rd1 Qe6 28. Bd4 h6 29. Be5 Rcd8 30. Bxg7+ Kh7 31. Rxd8 Rxd8 32. Bc3 Ng6 33. g3 e3 34. Qc2 h5 35. Bxh5 Kh6 36.
Be2 Rg8 37. Qd3 Nxf4 38. gxf4 Qg6 0-1

[Event "Early-Titled-Tuesday-Blitz-October-10-2023"]
[Site "Chess.com"]
[Date "2023.10.10"]
[Round "5"]
[White "Zampronha1971"]
[Black "JesseFebruary"]
[Result "1-0"]
[WhiteElo "2285"]
[BlackElo "2055"]
[TimeControl "180+1"]
[EndTime "8:54:30 PDT"]
[Termination "Zampronha1971 won by checkmate"]

1. e4 e6 2. d4 d5 3. Nc3 Nf6 4.
e5 Nfd7 5. f4 c5 6. Nf3 Nc6 7.
Be3 a6 8. Qd2 b5 9. dxc5 Bxc5 10. Bxc5 Nxc5 11. Qf2 Qb6 12. Bd3 Nb4 13. O-O Qc7 14.
Rfd1 Bb7 15. a3 Nbxd3 16. cxd3 Nb3 17. Rab1 Rd8 18. Nd4 Nxd4 19. Qxd4 O-O 20. Rbc1 Rc8 21. Ne2 Qd7 22. b4 f6 23. Rxc8 Qxc8 24. Rc1 Qd7 25. Rc5 fxe5 26. Qxe5 Rc8 27. Nd4 Rxc5 28.
bxc5 Kf7 29. g4 Qc8 30. Kf1 Qxc5 31. Qxe6+ Kf8 32. Qf5+ Kg8 33. Qe6+ Kf8 34. Nf5 Qc1+ 35. Kf2 Qxf4+ 36. Ke1 Qc1+ 37. Ke2 Qc2+ 38. Ke3 Qc5+ 39. Kf4 Bc8 40. Qe5 Qf2+ 41. Kg5 h6+ 42. Kg6 Bxf5+ 43. gxf5 Qg2+ 44. Kh7 Qg5 45. Qd6+ Kf7 46. Qxd5+ Kf6 47.
Qe6# 1-0

[Event "Early-Titled-Tuesday-Blitz-October-10-2023"]
[Site "Chess.com"]
[Date "2023.10.10"]
[Round "5"]
[White "Daniel_Salinas"]
[Black "Perecke"]
[Result "1-0"]
[WhiteElo "2446"]
[BlackElo "2540"]
[TimeControl "180+1"]
[EndTime "8:54:32 PDT"]
[Termination "Daniel_Salinas won on time"]

1. e4 e5 2. Nf3 Nc6 3. Nc3 Nf6 4. Bb5 Bc5 5. O-O a6 6. Bxc6 dxc6 7. Nxe5 O-O 8. d3 Re8 9. Nf3 Bg4 10. Be3 Bb6 11. Kh1 Nd7 12. Qd2 Bxf3 13. gxf3 Ne5 14. f4 Ng4 15.
Bxb6 cxb6 16. f3 Nf6 17. f5 Qd6 18. Rg1 Kh8 19. Qg5 Rg8 20. Qg3 Qb4 21. Rab1 Rad8 22.
a3 Qe7 23. Rg2 h6 24. Rbg1 b5 25. Ne2 b4 26. axb4 Qxb4 27. Qf4 Nh7 28. f6 g5 29. Qf5 Qxb2 30. d4 Qb6 31. e5 c5 32. c3 cxd4 33. cxd4 Qb5 34. Qe4 Qd5 35. Rb1 b5 36. Rgg1 Qe6 37.
Rgd1 Rge8 38. Rbc1 Qb6 39. d5 Nxf6 40. Qf5 Nh7 41.
Qxf7 Rf8 42. Qc7 Qxc7 43. Rxc7 Rxf3 44. e6 Re3 45. Ng3 Re5 46. e7 Re8 47. d6 1-0

[Event "Early-Titled-Tuesday-Blitz-October-10-2023"]
[Site "Chess.com"]
[Date "2023.10.10"]
[Round "5"]
[White "Elprofessor21"]
[Black "BlueWizzard"]
[Result "1/2-1/2"]
[WhiteElo "2782"]
[BlackElo "2921"]
[TimeControl "180+1"]
[EndTime "8:54:33 PDT"]
[Termination "Game drawn by repetition"]

1. Nf3 g6 2. g3 Bg7 3. Bg2 e5 4. O-O Nc6 5. Nc3 Nge7 6. e4 O-O 7. d3 d6 8. Rb1 Be6 9. Ng5 Bd7 10. b4 Nd4 11. Ne2 Ne6 12. Nxe6 Bxe6 13. c4 Qc8 14. Nc3 Bg4 15. Qb3 a6 16. Bg5 Nc6 17.
Nd5 Kh8 18. Be3 Nd4 19. Bxd4 exd4 20. b5 b6 21. f3 Be6 22. f4 Bxd5 23. exd5 Re8 24.
f5 Re2 25. Rb2 Qe8 26. Rxe2 Qxe2 27. Rf2 Qe3 28. Be4 h5 29. Kg2 h4 30. gxh4 gxf5 31.
Rxf5 Qe2+ 32. Rf2 Qg4+ 33. Kh1 Be5 34. Rxf7 Qe2 35. Bg2 Qe1+ 36. Rf1 Qxh4 37. h3 Qg3 38.
Kg1 Rg8 39. Rf2 Qe3 40. Qd1 Rg5 41. Qf3 axb5 42. Qf8+ Rg8 43. Qf7 bxc4 44. Qh5+ Kg7 45.
Qf7+ Kh8 46. Qh5+ Kg7 47. Qf7+ Kh8 1/2-1/2

[Event "Early-Titled-Tuesday-Blitz-October-10-2023"]
[Site "Chess.com"]
[Date "2023.10.10"]
[Round "5"]
[White "Cayse"]
[Black "Russian_berezka"]
[Result "1-0"]
[WhiteElo "2840"]
[BlackElo "2648"]
[TimeControl "180+1"]
[EndTime "8:54:33 PDT"]
[Termination "Cayse won by resignation"]

1. e4 e5 2. Nf3 Nc6 3. Nc3 Nf6 4.
a4 h6 5. Bb5 Bb4 6. O-O O-O 7.
d3 d6 8. Ne2 a5 9. Ng3 Bc5 10. c3 Bb6 11. h3 Ne7 12. Re1 c6 13.
Bc4 Ng6 14. Bb3 Re8 15. d4 d5 16. exd5 e4 17. Ne5 cxd5 18. Nxg6 fxg6 19. Bf4 Kh7 20. Be5 Bc7 21. f4 Be6 22. Qd2 Nd7 23.
Rf1 Nxe5 24. fxe5 Qh4 25. Qe3 Rf8 26. Nxe4 Qe7 27. Nc5 b6 28. Nxe6 Qxe6 29. Bc2 Rae8 30. Qd3 Bd8 31. Qb5 Be7 32. Bb3 Rd8 33. Rxf8 Bxf8 34.
Rf1 Be7 35. Qe2 Rf8 36. Rxf8 Bxf8 37. Qf3 Be7 38. Bxd5 Qd7 39. Qf7 h5 40. Qe6 Qxe6 41.
Bxe6 g5 42. d5 g6 43. d6 Bd8 44. Bd5 Kg7 45. e6 Kf6 46. e7 Bxe7 47. dxe7 Kxe7 48. Be4 Kf6 49. Kf2 Ke5 50. Bxg6 h4 51. Bd3 1-0

[Event "Early-Titled-Tuesday-Blitz-October-10-2023"]
[Site "Chess.com"]
[Date "2023.10.10"]
[Round "5"]
[White "GlavkonVVS"]
[Black "Casper"]
[Result "1-0"]
[WhiteElo "2559"]
[BlackElo "2435"]
[TimeControl "180+1"]
[EndTime "8:54:33 PDT"]
[Termination "GlavkonVVS won by resignation"]

1. c4 Nf6 2. Nc3 g6 3. d4 Bg7 4. Nf3 O-O 5. Bg5 d6 6. e3 h6 7. Bh4 c6 8. h3 Nbd7 9. Be2 e5 10. O-O Qe7 11. Re1 g5 12. Bg3 Nh5 13. Bh2 e4 14.
Nxg5 hxg5 15. Bxh5 f5 16. Bg6 Rf6 17. Bh5 Rh6 18.
Be2 g4 19. Bf4 Rh7 20. Kh2 gxh3 21. gxh3 Qh4 22. Bf1 Qxf2+ 23. Bg2 Nf6 24. Bg3 Qxb2 25. Rc1 f4 26. Bxf4 Bxh3 27. Rc2 Bg4+ 28. Kg1 Qb6 29. Qb1 Qc7 30. c5 Nh5 31. Bxd6 Qf7 32. Rf2 Qe6 33. Nxe4 Qh6 34. d5 Nf6 35. Nxf6+ Bxf6 36. dxc6 Bh4 37. Qb3+ Kh8 38. Qc3+ Kg8 39. Qc4+ Be6 40.
Qf4 Bxf2+ 41. Qxf2 Qh2+ 42. Kf1 Rf7 43. Bxh2 Rxf2+ 44. Kxf2 Bc4 45. Bf4 Rf8 46. Bd5+ Bxd5 47. cxb7 Bxb7 48.
Rd1 Re8 49. Rd6 Rc8 50. Kg3 Kf7 51. Kg4 Rc6 52. Rd7+ 1-0

[Event "Early-Titled-Tuesday-Blitz-October-10-2023"]
[Site "Chess.com"]
[Date "2023.10.10"]
[Round "5"]
[White "themind1hunter"]
[Black "ajedrezhoy"]
[Result "1-0"]
[WhiteElo "2531"]
[BlackElo "2370"]
[TimeControl "180+1"]
[EndTime "8:54:33 PDT"]
[Termination "themind1hunter won by resignation"]

1. e4 Nf6 2. e5 Nd5 3. d4 d6 4. c4 Nb6 5. exd6 cxd6 6. Nc3 g6 7. Nf3 Bg7 8. h3 O-O 9. Be2 Nc6 10. O-O Bf5 11.
Re1 d5 12. c5 Nc4 13. b3 N4a5 14.
Be3 b6 15. Rc1 h6 16. cxb6 axb6 17. Qd2 g5 18. Red1 e6 19. Na4 Ne7 20. Ne5 f6 21. Nd3 Bg6 22. Qb4 Rb8 23. f3 Nf5 24. Bf2 Rf7 25. Qb5 Nd6 26. Qb4 Bf8 27. Qd2 Nf5 28. Rc2 Bd6 29. Rdc1 Kg7 30. Nc3 Bg3 31. Nb5 Nb7 32. Rc6 Re7 33. Bf1 Be8 34. Nb4 Bxf2+ 35.
Qxf2 Na5 36. R6c2 Bxb5 37. Bxb5 Nd6 38. Bd3 e5 39. Nxd5 Rf7 40. dxe5 fxe5 41. Qe3 Qe8 42. Be4 Nf5 43. Bxf5 Rxf5 44. Rc7+ Kg6 45. Ne7+ Qxe7 46. Rxe7 1-0

[Event "Early-Titled-Tuesday-Blitz-October-10-2023"]
[Site "Chess.com"]
[Date "2023.10.10"]
[Round "5"]
[White "tarno17"]
[Black "Irina_Mikhaylova"]
[Result "0-1"]
[WhiteElo "2145"]
[BlackElo "2300"]
[TimeControl "180+1"]
[EndTime "8:54:34 PDT"]
[Termination "Irina_Mikhaylova won by resignation"]

1. e4 c5 2. Nf3 Nc6 3. Bb5 e6 4. O-O Nge7 5. c3 d5 6. exd5 Qxd5 7. d4 cxd4 8. Bxc6+ Nxc6 9. Nxd4 Bc5 10. Nxc6 Qxc6 11. Nd2 b6 12. Qf3 Bb7 13. Qxc6+ Bxc6 14. Nb3 Be7 15. Nd4 Bd5 16. Nb5 O-O 17. Nc7 Rad8 18. Nxd5 Rxd5 19. Be3 Rfd8 20. Rfe1 e5 21. Kf1 f5 22. g3 Bc5 23. Bxc5 bxc5 24. Re2 e4 25.
Rae1 c4 26. Kg2 Kf7 27. f3 exf3+ 28. Kxf3 R8d7 29. Re5 g6 30. Rxd5 Rxd5 31. Re2 a5 32. b3 Rd3+ 33. Re3 Rd2 34. Re2 Rd5 35. Re3 Rc5 36.
g4 Kf6 37. gxf5 Rxf5+ 38. Ke4 cxb3 39. axb3 Re5+ 40. Kd4 Rxe3 41. Kxe3 Ke5 42. b4 a4 43. Kd3 g5 44. c4 h5 45. b5 Kd6 46. Kd4 g4 47.
c5+ Kc7 48. b6+ Kc6 49. Kc4 h4 50. Kb4 g3 0-1

[Event "Early-Titled-Tuesday-Blitz-October-10-2023"]
[Site "Chess.com"]
[Date "2023.10.10"]
[Round "5"]
[White "ArmanGhevondyanchess"]
[Black "Riku-gan"]
[Result "0-1"]
[WhiteElo "2568"]
[BlackElo "2837"]
[TimeControl "180+1"]
[EndTime "8:54:35 PDT"]
[Termination "Riku-gan won on time"]

1. Nf3 Nf6 2. g3 e6 3. Bg2 d5 4.
O-O Be7 5. d4 O-O 6. c4 dxc4 7.
Ne5 Nc6 8. Bxc6 bxc6 9. Nxc6 Qe8 10. Nxe7+ Qxe7 11. Qa4 a5 12. Qxc4 Ba6 13. Qc2 Rac8 14. Nc3 c5 15. Rd1 h6 16. dxc5 Qxc5 17. Be3 Qh5 18.
f3 Nd5 19. Bf2 Nxc3 20. bxc3 Qe5 21. e4 Qxc3 22. Qxc3 Rxc3 23. f4 Bb7 24. Rd4 Rfc8 25. Rad1 Rc1 26. Rxc1 Rxc1+ 27. Kg2 f5 28. Rd7 Bxe4+ 29.
Kh3 Rc2 30. Bd4 g5 31. fxg5 hxg5 32. Rg7+ Kf8 33. Rxg5 Bg2+ 34. Kh4 Rc4 35. Rh5 Rxd4+ 36. Kg5 Kg7 37. h3 Bf3 38. Rh6 Bd5 39. Rg6+ Kf7 40.
Rh6 Rd3 41. g4 fxg4 42. hxg4 Bxa2 43. Rh7+ Ke8 44. Ra7 Ra3 45. Kf6 a4 46. g5 Rf3+ 47.
Kg7 a3 48. g6 Bd5 49. Kh6 Rh3+ 50. Kg5 a2 51. g7 Rg3+ 52. Kf6 Rg1 53. Re7+ Kd8 54. Ra7 Kc8 55. Kf7 e5+ 56. Kf6 e4 57.
Ra5 e3 58. Rc5+ Kb7 59. Ra5 a1=Q+ 0-1

[Event "Early-Titled-Tuesday-Blitz-October-10-2023"]
[Site "Chess.com"]
[Date "2023.10.10"]
[Round "5"]
[White "Roman_Ovetchkin"]
[Black "bipe137"]
[Result "1/2-1/2"]
[WhiteElo "2700"]
[BlackElo "2542"]
[TimeControl "180+1"]
[EndTime "8:54:36 PDT"]
[Termination "Game drawn by repetition"]

1. d4 d5 2. c4 e6 3. Nf3 a6 4.
g3 dxc4 5. Bg2 b5 6. O-O Bb7 7. a4 Nf6 8. Bg5 Nbd7 9. b3 cxb3 10. Qxb3 b4 11. a5 h6 12. Bxf6 Nxf6 13. Rc1 Rc8 14. Ne5 Bxg2 15. Qa4+ c6 16. Kxg2 Be7 17. Nxc6 Qd7 18.
Nd2 O-O 19. Nb3 Bd6 20. Nxb4 Qb7+ 21. Nc6 Rc7 22. f3 Rfc8 23. Ne5 Nd5 24. Rxc7 Rxc7 25. Nd3 Kh7 26. Nbc5 Bxc5 27. dxc5 g6 28. Kf2 h5 29.
Rc1 Qb8 30. Qc4 Qb7 31. c6 Qa7+ 32. Qc5 Qb8 33. Ne5 Qb2 34. Nd7 Qd2 35. Rc2 Qd1 36. Rb2 Qh1 37. Rb7 Qxh2+ 38. Ke1 Qxg3+ 39. Kd2 Qf4+ 40. Kd3 Qf5+ 41. Kd2 Qf4+ 42. Kd3 Qf5+ 43. Kd2 Qg5+ 44. Ke1 Qg3+ 45. Kd2 Qg5+ 46. Ke1 Qh4+ 47. Kd2 Qf4+ 1/2-1/2

[Event "Early-Titled-Tuesday-Blitz-October-10-2023"]
[Site "Chess.com"]
[Date "2023.10.10"]
[Round "5"]
[White "Aleksandar-Topalov"]
[Black "NowInChess"]
[Result "0-1"]
[WhiteElo "2380"]
[BlackElo "2231"]
[TimeControl "180+1"]
[EndTime "8:54:37 PDT"]
[Termination "NowInChess won on time"]

1. b3 d6 2. Bb2 Nd7 3. c4 Ngf6 4.
e3 g6 5. Nf3 Bg7 6. d4 O-O 7.
Nbd2 e5 8. Bd3 Re8 9. Qc2 Qe7 10. dxe5 Nxe5 11. O-O Nxd3 12. Qxd3 Bf5 13. Qc3 a5 14. Nd4 Bd7 15. a3 Ne4 16. Nxe4 Qxe4 17. Qd2 c5 18.
Nf3 Bxb2 19. Qxb2 Bc6 20. Rfd1 d5 21. cxd5 Bxd5 22. Rac1 b6 23. Rd2 Bc6 24. Ne1 Rad8 25. Rcd1 Qe7 26. Nf3 Bxf3 27. gxf3 Qg5+ 28. Kh1 Rxd2 29.
Qxd2 Qf6 30. Kg2 h5 31. Qd6 Qg5+ 32. Kh1 Qf5 33. Kg2 Qg5+ 34. Kh1 Qf5 35. Qd5 Re5 36.
Qa8+ Kg7 37. Rd8 Re6 38. Rg8+ Kh6 39. Qf8+ Kg5 40. Kg2 Kh4 41. Qd8+ f6 42. Qd7 Qg5+ 43. Kh1 Re5 44. Qd1 Qf5 45. Kg2 Re6 0-1

[Event "Early-Titled-Tuesday-Blitz-October-10-2023"]
[Site "Chess.com"]
[Date "2023.10.10"]
[Round "5"]
[White "DanielTitichoca"]
[Black "AvitalBor"]
[Result "0-1"]
[WhiteElo "2629"]
[BlackElo "2819"]
[TimeControl "180+1"]
[EndTime "8:54:38 PDT"]
[Termination "AvitalBor won by resignation"]

1. Nf3 c5 2. g3 Nc6 3. Bg2 e5 4. O-O d5 5. d3 Nf6 6. Bg5 Be6 7. Nc3 Be7 8. Bxf6 Bxf6 9. e4 d4 10. Nd5 O-O 11. Re1 g6 12. c4 Bg7 13. Qd2 h6 14. a3 a5 15. b3 Kh7 16. h4 Rb8 17. Rab1 b5 18. Rec1 b4 19. axb4 axb4 20. Ra1 Ra8 21.
Qb2 f5 22. h5 g5 23. exf5 Bxf5 24. Qe2 Ra3 25. Nd2 Qa5 26. Rab1 Kh8 27. Ne4 Ra2 28.
Rc2 Rxc2 29. Qxc2 Bg4 30. Nd6 Bxh5 31. Re1 Nd8 32. f4 exf4 33. gxf4 gxf4 34. Qf2 Qa6 35. Ne4 f3 36. Bh3 Ne6 37. Qh4 Bg6 38. Nf2 Ng5 39. Ne7 Bh7 40. Bf1 Qa2 41. Nd5 Qd2 42. Re7 Ra8 43.
Nf4 Rf8 44. Nh5 Bf6 45. Nxf6 Rxf6 46. Qg3 Qf4 47. Qxf4 Rxf4 48. Ng4 Rxg4+ 49. Kf2 Rf4 0-1

[Event "Early-Titled-Tuesday-Blitz-October-10-2023"]
[Site "Chess.com"]
[Date "2023.10.10"]
[Round "5"]
[White "colegiodemadrid"]
[Black "Lady_Nika"]
[Result "0-1"]
[WhiteElo "2379"]
[BlackElo "2538"]
[TimeControl "180+1"]
[EndTime "8:54:38 PDT"]
[Termination "Lady_Nika won on time"]

1. e4 c6 2. Nc3 d5 3. Nf3 Nf6 4. e5 Ne4 5. d4 Nxc3 6. bxc3 e6 7.
Be2 Be7 8. O-O O-O 9. Be3 Nd7 10. Qd2 b5 11. Bg5 Nb6 12. Bd3 Bxg5 13. Nxg5 h6 14. Nh7 Re8 15. Qf4 Nc4 16. Nf6+ Kh8 17. Nxe8 Qxe8 18. Qh4 Bb7 19. f4 Nd2 20. Rf2 Ne4 21.
Bxe4 dxe4 22. f5 exf5 23. Rxf5 c5 24. Raf1 Qc6 25. Rxf7 cxd4 26. Qg4 Rg8 27. cxd4 Bc8 28. Qg3 Qxc2 29. Rf8 Qc4 30. Rxg8+ Kxg8 31. Qh4 Qxd4+ 32. Kh1 Be6 33. Qe7 Qxe5 34. Rf8+ Kh7 35. Rf1 e3 36. Qb4 e2 37. Qb1+ Kg8 38. Re1 Bc4 39. Qc2 a5 40.
Qd2 a4 41. h3 Qg3 42. Qb4 Qf2 43. Qd2 a3 0-1

[Event "Early-Titled-Tuesday-Blitz-October-10-2023"]
[Site "Chess.com"]
[Date "2023.10.10"]
[Round "5"]
[White "Javylavilla"]
[Black "AnaKuchava"]
[Result "1/2-1/2"]
[WhiteElo "2399"]
[BlackElo "2250"]
[TimeControl "180+1"]
[EndTime "8:54:38 PDT"]
[Termination "Game drawn by repetition"]

1. e4 c5 2. Nf3 d6 3. d4 cxd4 4. Nxd4 Nf6 5. Nc3 Nc6 6. Bg5 e6 7. Qd2 Qb6 8. Nb3 Be7 9. O-O-O O-O 10. f4 Rd8 11. Bd3 a6 12. g4 Nxg4 13. Bxe7 Nxe7 14. Rhg1 Nf2 15. Na4 Nxd3+ 16. Qxd3 Qc6 17. Nc3 Bd7 18. Qd4 e5 19. fxe5 dxe5 20. Qxe5 Ng6 21. Qg3 Be6 22. Nd4 Qb6 23. Nxe6 Qxe6 24. Nd5 Qxe4 25. Rge1 Qh4 26.
Qb3 Qg5+ 27. Kb1 h5 28. Qxb7 Rab8 29. Qc7 Rdc8 30. Ne7+ Nxe7 31. Qxe7 Qb5 32. b3 a5 33. Rd7 Rf8 34. Rd3 a4 35. Rg3 g6 36. Reg1 axb3 37. Rxg6+ Kh7 38. Rg7+ Kh8 39. Rg8+ Rxg8 40. Qf6+ Kh7 41.
Qxf7+ Kh6 42. Qf6+ Kh7 43. Qe7+ Kh6 44. Qe6+ Kh7 45.
Qf7+ Kh6 46. Qf6+ Kh7 47. Qf7+ 1/2-1/2

[Event "Early-Titled-Tuesday-Blitz-October-10-2023"]
[Site "Chess.com"]
[Date "2023.10.10"]
[Round "5"]
[White "juancruzarias"]
[Black "Legendinunknown"]
[Result "0-1"]
[WhiteElo "2634"]
[BlackElo "2828"]
[TimeControl "180+1"]
[EndTime "8:54:41 PDT"]
[Termination "Legendinunknown won by resignation"]

1. d4 Nf6 2. Nf3 e6 3. e3 c5 4. Bd3 b6 5. O-O Bb7 6. c4 Be7 7. Nc3 O-O 8. d5 exd5 9. cxd5 d6 10. e4 a6 11. a4 Nbd7 12. Re1 Ng4 13. Bf4 Nge5 14.
Nxe5 Nxe5 15. Bf1 Bg5 16. Bg3 Bh4 17. Bxe5 dxe5 18. g3 Be7 19. Bh3 g6 20. Qc2 Bd6 21. Nb1 Bc8 22. Bxc8 Qxc8 23. Nd2 b5 24. b3 Qb7 25. Ra2 Rfc8 26. Rea1 Bf8 27. h4 h5 28.
Nb1 c4 29. axb5 Qxb5 30. bxc4 Rxc4 31. Qd1 Bb4 32. Kg2 Rxe4 33. Qf3 Rd4 34. Na3 Qxd5 35.
Nc2 e4 36. Qe3 Rc4 37. Nxb4 Rxb4 38. Rxa6 Rxa6 39. Rxa6 Rb3 40. Rd6 Qxd6 41. Qxb3 Qe5 42. Qe3 Kg7 43. Kg1 Kf6 44. Kg2 Ke6 45. Kg1 f6 46.
Qh6 Kf5 47. Qe3 Qd6 48. Kh2 Qd3 49. Qf4+ Ke6 50. Kg2 Qe2 51. Qc7 Qf3+ 52. Kg1 e3 53. Qb6+ Kf5 54. Qc5+ Kg4 55. Qc2 exf2+ 56. Kf1 Qh1+ 0-1

[Event "Early-Titled-Tuesday-Blitz-October-10-2023"]
[Site "Chess.com"]
[Date "2023.10.10"]
[Round "5"]
[White "NovoselovRoman"]
[Black "Barmen_EV"]
[Result "0-1"]
[WhiteElo "2605"]
[BlackElo "2498"]
[TimeControl "180+1"]
[EndTime "8:54:41 PDT"]
[Termination "Barmen_EV won on time"]

1. d4 f5 2. Nc3 Nf6 3. Bf4 g6 4.
e3 Bg7 5. h4 O-O 6. Be2 h6 7. Qd2 d6 8. O-O-O Qe8 9. f3 e5 10.
Bg3 Nc6 11. d5 Nb8 12. e4 Nbd7 13. Bf2 a6 14. Bd3 f4 15. Nge2 b5 16. Rdg1 Nh5 17. g3 fxg3 18. Nxg3 Nf4 19. Be3 Nc5 20. Bf1 b4 21. Nce2 Qa4 22. Kb1 Bd7 23. Nxf4 exf4 24. Bxf4 Rab8 25. Bc4 Bxb2 26. Kxb2 Qa3+ 27. Ka1 Na4 28.
Rb1 Rxf4 29. Rb3 Rxf3 30. Rxa3 bxa3 31. Ne2 Nb2 32. Bb3 Kg7 33. Qd4+ Kh7 34. Re1 Rbf8 35. Nc3 Rf1 36. Qe3 Rxe1+ 37. Qxe1 Bh3 38. Nb1 Rf1 39.
Qe3 Nd1 40. Qd4 Bd7 0-1

[Event "Early-Titled-Tuesday-Blitz-October-10-2023"]
[Site "Chess.com"]
[Date "2023.10.10"]
[Round "5"]
[White "jaskol95"]
[Black "Manukyan_Artak"]
[Result "0-1"]
[WhiteElo "2589"]
[BlackElo "2480"]
[TimeControl "180+1"]
[EndTime "8:54:41 PDT"]
[Termination "Manukyan_Artak won by checkmate"]

1. d4 d5 2. Nc3 c6 3. Bf4 Bg4 4. Qd2 Nf6 5. f3 Bh5 6. e4 e6 7. e5 Nfd7 8. O-O-O Bb4 9. Bd3 c5 10. dxc5 d4 11. Nge2 dxc3 12. Nxc3 Qa5 13. Bb5 O-O 14.
Bc4 Nxc5 15. Qd4 Nc6 16. Qe3 Bxc3 17. Qxc3 Qxc3 18. bxc3 Rfd8 19. Rd6 Rxd6 20. exd6 Nd7 21. Rd1 Kf8 22. h4 e5 23. Be3 f6 24. Be6 Rd8 25. Bd5 Bf7 26. Bxc6 bxc6 27. a3 c5 28. f4 Rc8 29. fxe5 fxe5 30. Bg5 Nf6 31. Rf1 Rd8 32.
Be3 Nd7 33. Bg5 Re8 34. Be7+ Rxe7 35. dxe7+ Kxe7 36. Kd2 Nf6 37. Rb1 Nd5 38. Rb7+ Ke6 39.
Rxa7 e4 40. g3 e3+ 41. Kd3 Bg6+ 42. Ke2 Bh5+ 43. Ke1 e2 44. Rxg7 Ne3 45. g4 Bxg4 46.
Kf2 Nxc2 47. Rxg4 e1=Q+ 48. Kf3 Qe3+ 49. Kg2 Qe2+ 50. Kg3 Ne3 51. Re4+ Kd5 52. Rf4 Qg2# 0-1

[Event "Early-Titled-Tuesday-Blitz-October-10-2023"]
[Site "Chess.com"]
[Date "2023.10.10"]
[Round "5"]
[White "frederiksvane"]
[Black "TatjanaVasilevich"]
[Result "1-0"]
[WhiteElo "2897"]
[BlackElo "2598"]
[TimeControl "180+1"]
[EndTime "8:54:43 PDT"]
[Termination "frederiksvane won by checkmate"]

1. e4 c5 2. Nf3 e6 3. Nc3 Nc6 4. Be2 d6 5. O-O Nf6 6. d4 cxd4 7. Nxd4 a6 8. Be3 Bd7 9. f4 Qc7 10. Kh1 h5 11. Bf3 Ng4 12. Bg1 Be7 13. Nxc6 bxc6 14. Bxg4 hxg4 15. Qxg4 O-O-O 16. Qxg7 Rdf8 17. Qd4 d5 18. Na4 c5 19. Nxc5 Bxc5 20. Qxc5 Qxc5 21. Bxc5 Rfg8 22.
exd5 exd5 23. c3 Bf5 24. Rf2 Be4 25. Kg1 f5 26. Rd1 Rg6 27. Be7 Kd7 28. Bg5 Ke6 29. h4 Rgg8 30. Kh2 Kf7 31. Kh3 Rc8 32. g4 Kg6 33.
h5+ Kf7 34. Kh4 Ke6 35. h6 a5 36. Rd4 Rb8 37. c4 dxc4 38. Rxc4 Rb4 39. Rc5 fxg4 40.
Re5+ Kf7 41. Kxg4 Bb1 42. Re7+ Kf8 43. Rd2 Rb8 44. f5 Rb4+ 45. Kh5 Rb8 46. Rdd7 Bxa2 47. Bf6 Rg8 48. h7 a4 49. Bg7+ Rxg7 50. h8=Q+ Rg8 51. Qf6+ Bf7+ 52. Rxf7+ Ke8 53. Qe6# 1-0

[Event "Early-Titled-Tuesday-Blitz-October-10-2023"]
[Site "Chess.com"]
[Date "2023.10.10"]
[Round "5"]
[White "krzyzan94"]
[Black "mr_gustavo"]
[Result "0-1"]
[WhiteElo "2772"]
[BlackElo "2641"]
[TimeControl "180+1"]
[EndTime "8:54:43 PDT"]
[Termination "mr_gustavo won by checkmate"]

1. Nf3 d5 2. g3 Bg4 3. Bg2 Nd7 4.
d4 e6 5. O-O Ngf6 6. a4 a5 7.
c4 c6 8. b3 Bd6 9. Nc3 h6 10.
h3 Bf5 11. Re1 Bb4 12. Bd2 O-O 13. Ra2 Bh7 14. Qc1 Qe7 15. Nd1 Ne4 16. Nc3 Nd6 17.
c5 Ne4 18. Nxe4 Bxe4 19. Bxb4 axb4 20. Qd2 b6 21. cxb6 Nxb6 22. Rc1 Rfc8 23. Ne5 c5 24.
a5 Nd7 25. Nxd7 Qxd7 26. dxc5 Bxg2 27. Kxg2 Qb5 28. a6 Rxa6 29. Rxa6 Qxa6 30. Qxb4 Qxe2 31. Qd4 Qb5 32. b4 Qc6 33. Rb1 Rb8 34. Ra1 Re8 35. Ra5 e5 36. Qc3 d4+ 37. Qf3 e4 38. Qe2 e3+ 39.
Kh2 d3 40. Qxd3 e2 41. Ra1 e1=Q 42. Rxe1 Rxe1 43. f3 Qe6 44. h4 Re2+ 45. Kg1 Re1+ 46. Kf2 Ra1 47. Qd8+ Kh7 48. Qd3+ g6 49. Qc3 Ra2+ 50.
Kg1 Qe2 51. Qb3 Qg2# 0-1

[Event "Early-Titled-Tuesday-Blitz-October-10-2023"]
[Site "Chess.com"]
[Date "2023.10.10"]
[Round "5"]
[White "Beca95"]
[Black "TregubovP"]
[Result "1-0"]
[WhiteElo "2887"]
[BlackElo "2584"]
[TimeControl "180+1"]
[EndTime "8:54:43 PDT"]
[Termination "Beca95 won on time"]

1. e4 c5 2. Nf3 e6 3. c3 d5 4.
exd5 exd5 5. d4 Nc6 6. Bb5 Bd6 7. dxc5 Bxc5 8. O-O Ne7 9. Nbd2 O-O 10. Nb3 Bd6 11.
Bg5 Bg4 12. Bh4 Qc7 13. Bg3 Rad8 14. Be2 Bxg3 15. hxg3 Nf5 16. Rc1 Qb6 17. Nfd4 Bxe2 18. Nxe2 a5 19. Rc2 Rfe8 20. g4 a4 21. gxf5 axb3 22.
axb3 Qxb3 23. Rd2 Qc4 24. Nd4 Re4 25. f3 Re5 26. Re1 Rde8 27. Rxe5 Rxe5 28. g4 h6 29. Kf2 Qc5 30. Kg2 Qe7 31. Ne2 Re3 32. Ng3 Ne5 33.
Re2 Nc4 34. b3 Rxe2+ 35. Qxe2 Qxe2+ 36. Nxe2 Nd2 37. Nd4 Kf8 38. Kf2 Ke7 39. Ke3 Nb1 40. Kd3 Kd6 41. f4 g6 42. f6 h5 43. g5 h4 44. f5 h3 45. fxg6 fxg6 46. Nf3 Ke6 47. c4 dxc4+ 48. bxc4 Na3 49. Kc3 b5 50. c5 Nc4 51.
Kb4 Ne5 52. Nh2 1-0

[Event "Early-Titled-Tuesday-Blitz-October-10-2023"]
[Site "Chess.com"]
[Date "2023.10.10"]
[Round "5"]
[White "LeoLV10"]
[Black "topin8"]
[Result "0-1"]
[WhiteElo "2554"]
[BlackElo "2439"]
[TimeControl "180+1"]
[EndTime "8:54:44 PDT"]
[Termination "topin8 won by checkmate"]

1. e4 e5 2. Nf3 Nc6 3. Bb5 Nf6 4. O-O Nxe4 5. d4 Nd6 6. Bxc6 dxc6 7. dxe5 Nf5 8. Qe2 Nd4 9. Nxd4 Qxd4 10. h3 Be6 11. Nc3 Bc4 12. Rd1 Qxc3 13. Qg4 Be6 14. Qxe6+ fxe6 15.
bxc3 Bc5 16. Rd3 O-O 17. Be3 Bxe3 18. Rxe3 Rad8 19. Rd3 Rd5 20. Re1 Rfd8 21. Ree3 Rxd3 22. cxd3 Rd5 23. f4 Ra5 24. Re2 Ra3 25. Rc2 Kf7 26.
Kf2 g6 27. Ke3 c5 28. g4 h6 29. h4 b5 30. Ke4 Ra4+ 31. d4 c6 32. Ke3 Rc4 33. Kd3 a5 34. Rf2 cxd4 35. cxd4 c5 36.
dxc5 Rxc5 37. Rb2 Rd5+ 38. Ke4 Rc5 39. Rb3 Ke7 40. a3 Rc4+ 41. Ke3 b4 42. axb4 axb4 43. Rd3 g5 44. hxg5 hxg5 45. f5 exf5 46. gxf5 Rc3 47.
f6+ Ke6 48. Rxc3 bxc3 49. Kd3 g4 50. Kxc3 g3 51. Kd4 g2 52. Kc5 g1=Q+ 53. Kc6 Qc1+ 54. Kb7 Qb2+ 55. Kc8 Qxe5 56. Kd8 Qd6+ 57. Ke8 Qd7+ 58. Kf8 Qf7# 0-1